 Dungeon Crawl Stone Soup version 0.24.0-123-gd5b16e6ec5 (webtiles) character file.

Game seed: 9735804690402572931, levelgen mode: deterministic

10766 Johnny the Geomancer (level 11, -3/74 HPs)
             Began as a Demigod Earth Elementalist on Feb 2, 2020.
             Slain by a hornet (15 damage)
             ... while paralysed by a hornet
             ... on level 10 of the Dungeon.
             The game lasted 00:13:57 (11039 turns).

Johnny the Geomancer (Demigod Earth Elementalist)  Turns: 11039, Time: 00:13:58

Health: -3/74      AC:  8    Str: 11    XL:     11   Next: 18%
Magic:  7/30       EV:  2    Int: 25    God:
Gold:   786        SH:  0    Dex: 16    Spells: 18/31 levels left

rFire    x . .     SeeInvis .   e - +4 dagger (drain)
rCold    + + .     Gourm    .   (no shield)
rNeg     . . .     Faith    .   c - +1 robe
rPois    .         Spirit   .   (no helmet)
rElec    .         Reflect  .   u - +0 cloak
rCorr    .         Harm     .   k - +2 pair of gloves
MR       +....                  z - +0 pair of boots
Stlth    ++........             (no amulet)
HPRegen  0.22/turn              l - ring of protection from cold
MPRegen  0.22/turn              I - ring of ice

@: paralysed, lethally poisoned (-3 -> -15)
A: high mp 1
a: no special abilities


You were on level 10 of the Dungeon.
You were hungry.

You visited 1 branch of the dungeon, and saw 10 of its levels.

You collected 786 gold pieces.

Inventory:

Hand Weapons
 e - a +4 dagger of draining (weapon)
Missiles
 b - 113 stones (quivered)
 E - 5 throwing nets
Armour
 c - a +1 robe (worn)
 k - a +2 pair of gloves (worn)
 u - a +0 cloak (worn)
 z - a +0 pair of boots (worn)
Magical Staves
 F - a cursed staff of death {unknown}
Jewellery
 l - a ring of protection from cold (left hand)
 I - a ring of ice (right hand)
 K - an uncursed ring of magical power {unknown}
Wands
 A - a wand of digging (9)
Scrolls
 h - 2 scrolls of blinking
 i - 6 scrolls of teleportation
 j - a scroll of enchant armour
 n - 2 scrolls of remove curse
 o - 3 scrolls of fog
 p - a scroll of amnesia {unknown}
 r - a scroll of fear {unknown}
 v - 3 scrolls of noise
 x - a scroll of magic mapping {unknown}
 y - a scroll of summoning
 G - a scroll of immolation {unknown}
 H - a scroll of brand weapon {unknown}
Potions
 a - 3 potions of cancellation
 f - 2 potions of agility
 g - a potion of brilliance {unknown}
 m - 2 potions of curing
 q - 3 potions of flight
 s - a potion of haste {unknown}
 t - 2 potions of heal wounds {unknown}
 w - a potion of magic {unknown}
 B - a potion of mutation {unknown}
 C - 3 potions of berserk rage {unknown}
 D - a potion of invisibility {unknown}
 J - a potion of lignification {unknown}
Comestibles
 d - 9 rations


   Skills:
 - Level 1.7 Dodging
 - Level 1.7 Stealth
 + Level 10.9 Spellcasting
 - Level 0.8 Transmutations
 + Level 11.9 Earth Magic


You had 18 spell levels left.
You knew the following spells:

 Your Spells              Type           Power        Failure   Level  Hunger
a - Sandblast             Erth           ######       1%          1    None
b - Stone Arrow           Conj/Erth      #####.       1%          3    None
c - Lee's Rapid Deconstr  Erth           ######....   1%          5    ####...
d - Petrify               Tmut/Erth      #####...     3%          4    None

Your spell library contained the following spells:

 Spells                   Type           Power        Failure   Level  Hunger
 Passwall                 Tmut/Erth      #####...     1%          2    None
 Beastly Appendage        Tmut           ###...       3%          1    None
 Summon Small Mammal      Summ           ##..         4%          1    None
 Sticks to Snakes         Tmut           ###.....     4%          2    None
 Blink                    Tloc           N/A          7%          2    None
 Call Imp                 Summ           ##......     7%          2    None
 Shroud of Golubria       Chrm/Tloc      ##....       7%          2    None
 Spider Form              Tmut/Pois      ###.......   12%         3    None
 Call Canine Familiar     Summ           ##......     14%         3    None
 Gell's Gravitas          Tloc           ##........   14%         3    None
 Summon Guardian Golem    Hex/Summ       ##......     14%         3    None
 Ice Form                 Ice/Tmut       ###.....     36%         4    None
 Summon Ice Beast         Ice/Summ       ###.....     41%         4    None
 Summon Lightning Spire   Summ/Air       ##......     41%         4    None
 Blade Hands              Tmut           ###.......   65%         5    ####...
 Controlled Blink         Tloc           N/A          100%        8    #######


Dungeon Overview and Level Annotations

Branches:
Dungeon (10/15)            Temple (0/1) D:5            Lair (0/6) D:9
    Orc (0/2) D:9

Annotations:
D:3 3 runed translucent doors, FishyPogo's ghost, amateur DsVM
D:10 2 runed translucent doors, Winsalot's ghost, novice DrCj


Innate Abilities, Weirdness & Mutations

You have an increased reservoir of magic. (+10% MP)


Message History

Your life force feels restored.
A centaur opens the door.
The centaur shoots an arrow.
The arrow barely misses you.
You see here a bullfrog corpse.
A centaur is nearby!
The hornet closely misses you.
You see here a stone.
You hit the hornet.
The hornet is lightly wounded.
The hornet stings you.
You suddenly lose the ability to move!
The hornet stings you.
You are poisoned.
You shrug off the repeated paralysis!
The hornet stings you!!
* * * LOW HITPOINT WARNING * * *
You are lethally poisoned!
You feel yourself slow down.
You feel yourself speed up.
* * * LOW HITPOINT WARNING * * *
You feel sick. The hornet stings you!
You die...

########## .........#
##############
.........####..(.........#
........†##†(............#
........cy@(#............#
....<...†####............#
####'##### ##########'###
# #.# #.# #.# ##[# #..#
#.##


You could see a hornet and a centaur.

Vanquished Creatures
  Harold (D:7)
  3 two-headed ogres (D:9)
  Pikel (D:4)
  Prince Ribbit (D:5)
  Grinder (D:3)
  9 yaks
  Eustachio (D:5)
  Menkaure (D:6)
  Duvessa (D:5)
  2 water moccasins (D:9)
  3 sky beasts
  5 orc warriors
  A black bear (D:7)
  A necrophage (D:10)
  2 phantoms
  5 ogres
  7 centaurs
  2 crocodiles (D:8)
  2 big kobolds
  5 bullfrogs
  A wyvern skeleton (D:8)
  2 scorpions
  Dowan (D:5)
  5 killer bees (D:6)
  8 wights
  2 howler monkeys (D:9)
  7 crimson imps
  A centaur zombie (D:7)
  4 orc priests
  5 jellies
  2 gnoll shamans (D:5)
  6 hounds
  3 iguanas
  8 orc wizards
  6 worker ants
  A hound skeleton (D:6)
  A worker ant zombie (D:6)
  39 gnolls
  10 adders
  2 shadow imps
  9 oozes
  An adder zombie (D:5)
  4 worms
  A dart slug (D:2)
  6 leopard geckos
  47 orcs
  3 bats
  3 giant cockroaches
  7 hobgoblins
  26 jackals
  16 kobolds
  7 quokkas
  5 frilled lizards
  12 goblins
  2 jackal skeletons (D:6)
  A quokka zombie (D:5)
  8 rats
326 creatures vanquished.

Vanquished Creatures (others)
  A plant (D:5)
1 creature vanquished.

Grand Total: 327 creatures vanquished

Notes
Turn   | Place    | Note
-------+----------+-------------------------------------------
     0 | D:1      | Johnny the Demigod Earth Elementalist began the quest for
                  | the Orb.
     0 | D:1      | Reached XP level 1. HP: 14/14 MP: 5/5
    11 | D:1      | Reached skill level 3 in Earth Magic
    38 | D:1      | Reached XP level 2. HP: 20/20 MP: 2/7
  1057 | D:2      | Reached XP level 3. HP: 25/26 MP: 9/9
  1412 | D:2      | Reached XP level 4. HP: 33/33 MP: 11/11
  1926 | D:3      | Noticed FishyPogo's ghost (amateur DsVM)
  1927 | D:3      | Found a runed translucent gate.
  1927 | D:3      | Found a runed translucent gate.
  1927 | D:3      | Found a runed translucent gate.
  1929 | D:3      | Noticed Grinder
  1945 | D:3      | Paralysed by Grinder for 2 turns
  1968 | D:3      | Killed Grinder
  1968 | D:3      | Reached skill level 4 in Earth Magic
  1968 | D:3      | Reached XP level 5. HP: 13/38 MP: 4/14
  2192 | D:3      | Found a snail-covered altar of Cheibriados.
  2654 | D:4      | Reached XP level 6. HP: 35/45 MP: 8/15
  2656 | D:4      | Reached skill level 5 in Earth Magic
  2660 | D:4      | Noticed Pikel
  2678 | D:5      | Entered Level 5 of the Dungeon
  2944 | D:5      | Learned a level 3 spell: Stone Arrow
  2950 | D:5      | Learned a level 5 spell: Lee's Rapid Deconstruction
  2955 | D:5      | Learned a level 4 spell: Petrify
  2985 | D:4      | Killed Pikel
  2985 | D:4      | Reached skill level 5 in Spellcasting
  2985 | D:4      | Reached skill level 6 in Earth Magic
  2985 | D:4      | Reached XP level 7. HP: 50/50 MP: 11/18
  3202 | D:4      | Found a glowing silver altar of Zin.
  3225 | D:4      | Found an iron altar of Okawaru.
  3443 | D:5      | Found a shimmering altar of Xom.
  3528 | D:5      | Noticed Dowan
  3529 | D:5      | Noticed Duvessa
  3538 | D:5      | Killed Dowan
  3546 | D:5      | Killed Duvessa
  4046 | D:5      | Reached skill level 7 in Earth Magic
  4046 | D:5      | Reached XP level 8. HP: 33/57 MP: 14/20
  4046 | D:5      | Noticed Eustachio
  4052 | D:5      | Killed Eustachio
  4059 | D:5      | Found a staircase to the Ecumenical Temple.
  4327 | D:5      | You fall into a shaft and drop 1 floor!
  4664 | D:6      | Identified the Almanac of Ashen Displacement
  4672 | D:6      | Found a blossoming altar of Fedhas.
  4906 | D:6      | Found a stormy altar of Qazlal.
  4944 | D:6      | Noticed Menkaure
  4947 | D:6      | Killed Menkaure
  4947 | D:6      | Reached skill level 8 in Earth Magic
  5793 | D:5      | Reached XP level 9. HP: 45/62 MP: 6/24
  5917 | D:5      | Noticed Prince Ribbit
  5920 | D:5      | Killed Prince Ribbit
  6355 | D:5      | Reached skill level 9 in Earth Magic
  7077 | D:7      | Noticed Harold
  7096 | D:7      | Killed Harold
  7096 | D:7      | Reached skill level 10 in Earth Magic
  7252 | D:7      | Reached XP level 10. HP: 24/69 MP: 10/27
  8014 | D:8      | Got a pitted long sword
  8040 | D:8      | Identified the cursed +1 long sword of Hayvvouso {freeze,
                  | Stlth+} (You found it on level 8 of the Dungeon)
  9171 | D:9      | Found a staircase to the Orcish Mines.
  9176 | D:9      | Noticed a two-headed ogre
  9184 | D:9      | Killed a two-headed ogre
  9322 | D:9      | Reached skill level 10 in Spellcasting
  9340 | D:9      | Noticed a two-headed ogre
  9347 | D:9      | Killed a two-headed ogre
  9347 | D:9      | Reached skill level 11 in Earth Magic
  9475 | D:9      | Found a staircase to the Lair.
  9551 | D:9      | Noticed a two-headed ogre
  9563 | D:9      | Killed a two-headed ogre
 10178 | D:9      | Reached XP level 11. HP: 36/74 MP: 18/30
 10620 | D:10     | Entered Level 10 of the Dungeon
 10669 | D:10     | Found a runed translucent door.
 10675 | D:10     | Noticed a fire giant
 10823 | D:10     | Noticed a lich
 10828 | D:10     | Noticed a necromancer
 10832 | D:10     | Found a runed translucent door.
 10832 | D:10     | Noticed a skeletal warrior
 10832 | D:10     | Noticed Winsalot's ghost (novice DrCj)
 10832 | D:10     | Noticed a skeletal warrior
 10833 | D:10     | Noticed a flayed ghost
 10833 | D:10     | Noticed an orc knight
 11037 | D:10     | Paralysed by a hornet for 3 turns
 11039 | D:10     | Slain by a hornet

Levels and vault maps discovered:
D:1:      dpeg_arrival_rooms_a, layout_basic
D:2:      layout_loops_ring, serial_forest, infiniplex_forest_lined_2,
          infiniplex_forest_lined_1, infiniplex_forest_straight_3,
          infiniplex_forest_corner_1, infiniplex_forest_pool,
          infiniplex_forest_clump_double, first_ration
D:3:      cheibrodos_greedy_goblins, layout_rooms,
          nicolae_overflow_hidden_temple, gammafunk_ghost_split, uniq_grinder
D:4:      layout_rooms, kennysheep_mini_moat, okawaru_metal_pillars_1_2,
          uniq_pikel
D:5:      lemuel_castle_with_subvaults [lemuel_castle_interior_carwin_1],
          layout_loops_corners, minmay_temple_entry_grid, xom_teletrap_fun,
          uniq_duvessa, uniq_prince_ribbit1, uniq_eustachio
D:6:      layout_basic, grunt_temple_overflow_forces_of_nature, uniq_menkaure
D:7:      layout_basic, uniq_harold
D:8:      layout_gridville, special_room [special_room_orc],
          hangedman_little_slice_of_home, minmay_lizard_king
D:9:      layout_irregular_city, dpeg_oklobed_lair, orc_0_dummy
D:10:     layout_roguey, serial_shops, nicolae_shop_trees,
          muffindrake_ghost_dual_entry

Skill      XL: |  1  2  3  4  5  6  7  8  9 10 |
---------------+-------------------------------+-----
Spellcasting   | 2 3 4 5 6 7 9 10 | 10.9
Earth Magic    | 3 4 6 7 8 10 11 | 11.9
Dodging        | |  1.7
Stealth        | |  1.7
Transmutations | |  0.8

Action                   |  1- 3 |  4- 6 |  7- 9 | 10-12 || total
-------------------------+-------+-------+-------+-------++-------
Melee: Dagger            |    92 |    51 |   250 |   208 ||   601
Throw: Stone             |       |       |     1 |     1 ||     2
 Cast: Sandblast         |     9 |    39 |   150 |    68 ||   266
       Stone Arrow       |       |       |     8 |    31 ||    39
       Lee's Rapid Decon |       |       |    15 |    31 ||    46
       Petrify           |       |       |     3 |     1 ||     4
Evoke: Wand              |       |       |     1 |       ||     1
  Use: Potion            |       |     2 |       |       ||     2
       Scroll            |       |     8 |     4 |     4 ||    16
 Stab: Sleeping          |     3 |     3 |     2 |     2 ||    10
       Petrified         |       |       |     3 |       ||     3
  Eat: Chunk             |     1 |     2 |    14 |     5 ||    22
       Ration            |       |     1 |     1 |     3 ||     5
Armor: Robe              |    28 |    14 |   112 |    67 ||   221
       Skin              |       |       |     8 |       ||     8
Dodge: Dodged            |    50 |    50 |   200 |   162 ||   462
